Cogmind - Beta 15 --- EXPLORER MODE // 2025.07.27 @ 18:19:09 Player: chebyrekser Result: Destroyed by Triborg with Siege Cannon Performance ------------- Evolutions (0) 0 Regions Visited (4) 800 Robots Destroyed (35) 175 Value Destroyed (916) 916 Prototype IDs (18) 360 Alien Tech Used (0) 0 Bonus (300) 300 TOTAL SCORE: 2551 Bonus ------- Registered with UFD 300 Cogmind --------- Core Integrity 0/250 Matter 270/300 Energy 425/2600 System Corruption 0% Temperature Cool (0) Movement Treading (320) Ox2 Location -7/Scraptown Parts ------- > --- POWER (1+1) ------ MA-1KR's Cyclogen > --- PROPULSION (2) --- Light Treads > --- UTILITY (3) ------ Large Storage Unit Advanced Terrain Scan Processor Layered Light Armor Plating > --- WEAPON (2) ------- Powered Cannon > --- INVENTORY (15) --- Light Fission Core Improved Heat Sink Improved Heat Sink Humpback Improved Light Armor Plating Makeshift Light Armor Plating Overtuned Pulse Rifle Gatling Laser Disruptor Cannon Assault Rifle Grenade Launcher Heavy Rocket Launcher Peak State ------------ > --- POWER ------------ MA-1KR's Cyclogen > --- PROPULSION ------- Light Treads Medium Treads > --- UTILITY ---------- Large Storage Unit Advanced Terrain Scan Processor Layered Light Armor Plating > --- WEAPON ----------- Powered Cannon > --- INVENTORY -------- Light Fission Core Improved Heat Sink Improved Heat Sink Humpback Improved Light Armor Plating Makeshift Light Armor Plating Overtuned Pulse Rifle Gatling Laser Disruptor Cannon Assault Rifle Grenade Launcher Heavy Rocket Launcher [Rating: 39] Favorites ----------- Power Light Ion Engine Engine Light Ion Engine Power Core Light Fission Core Reactor MA-1KR's Cyclogen Propulsion Light Treads Treads Light Treads Wheel Compact Wheel Utility Large Storage Unit Device Improved Terrain Scanner Storage Large Storage Unit Processor Advanced Terrain Scan Processor Protection Scrap Shield Weapon Assault Rifle Energy Gun Gatling Laser Energy Cannon Powered Cannon Ballistic Gun Assault Rifle Launcher Grenade Launcher Special Weapon Mining Laser Slashing Weapon Great Axe Build | -11 -10 -10 -7 -7 ------- Run | Yrd Mat Sub Rec Scr Slots Evolved 1 | . 1 . . . Power . | . . . . . Propulsion . | . . . . . Utility 1 | . 1 . . . Weapon . | . . . . . Parts Attached 25 | 4 5 2 7 7 Power 4 | . 1 . 1 2 Engine 2 | . 1 . 1 . Core 1 | . . . . 1 Reactor 1 | . . . . 1 Propulsion 5 | 1 1 . 2 1 Treads 4 | 1 1 . 1 1 Leg . | . . . . . Wheel 1 | . . . 1 . Hover . | . . . . . Flight . | . . . . . Utility 9 | 1 2 1 4 1 Device 4 | . 1 1 2 . Storage 2 | 1 1 . . . Processor 1 | . . . 1 . Hackware . | . . . . . Protection 2 | . . . 1 1 Artifact . | . . . . . Weapon 7 | 2 1 1 . 3 Energy Gun 1 | . . . . 1 Energy Cannon 1 | . . . . 1 Ballistic Gun 2 | 2 . . . . Ballistic Cannon . | . . . . . Launcher 1 | . . 1 . . Special Weapon 1 | . 1 . . . Impact Weapon . | . . . . . Slashing Weapon 1 | . . . . 1 Piercing Weapon . | . . . . . Special Melee Weapon . | . . . . . Unidentified Prototypes 1 | . . . . 1 Parts Lost 5 | . . 1 2 2 Power 2 | . . . 1 1 Propulsion 2 | . . 1 1 . Utility . | . . . . . Weapon 1 | . . . . 1 Highest Loss Streak 2 | . . 1 1 2 To Critical Strikes . | . . . . . Average Backups 12 | 5 9 13 12 12 Power . | 1 1 1 . . Propulsion . | . . . 1 . Utility 5 | 3 5 5 5 5 Weapon 5 | . 1 5 6 6 Tool/Special . | . . . . . Unused Backups 22 | . 2 6 . 14 Power . | . . . . . Propulsion 1 | . . . . 1 Utility 13 | . 2 5 . 6 Weapon 8 | . . 1 . 7 Tool/Special . | . . . . . Average Slot Usage (%) 94 | . 75 97 85 99 Engine 10 | . 6 12 11 11 Treads 17 | . 17 22 10 15 Wheel 4 | . . . 4 8 Device 15 | . 9 24 13 11 Storage 12 | . 15 12 12 11 Processor 5 | . . . 2 11 Ballistic Gun 21 | . 23 17 24 23 Special Weapon 1 | . 1 5 . . Peak Build Rating 39 | 4 9 11 17 39 Average Rating 13 | 3 6 10 13 19 On Entrance 8 | . 4 9 10 17 Naked Turns . | . . . . . Heaviest Build 53 | 14 40 39 45 53 Greatest Support 48 | 20 40 40 20 48 Greatest Overweight (x) 14 | . . 1 14 2 Average Overweight (x) . | . . . 1 . Largest Inventory Capacity 15 | 10 15 15 15 15 Average Capacity 14 | 9 11 15 15 15 Most Carried 15 | 8 11 15 15 15 Average Carried 13 | 5 9 14 14 14 Final Capacity 15 | 10 15 15 15 15 Final Carried 15 | 8 11 15 15 13 Class Distribution -------------------- 100% | Hacker-Mutant Dominant Class ---------------- Hacker-Mutant | -10/Materials Hacker-Mutant | -10/Subcaves Hacker-Mutant | -7/Recycling Hacker-Mutant | -7/Scraptown Resources | -11 -10 -10 -7 -7 ----------- Run | Yrd Mat Sub Rec Scr Matter Collected 1142 | 282 193 235 328 104 Remotely . | . . . . . Salvage Created 1344 | 154 329 291 448 122 Parts 73 | 14 18 21 15 5 Haulers Intercepted 1 | . 1 . . . Recyclers Shooed 1 | 1 . . . . Parts Field Recycled . | . . . . . Retrieved Matter . | . . . . . Parts Self-Destructed . | . . . . . Prevented . | . . . . . Kills | -11 -10 -10 -7 -7 ------- Run | Yrd Mat Sub Rec Scr Combat Hostiles Destroyed 21 | . 5 9 5 2 Guns 18 | . 5 9 2 2 AOE 3 | . . . 3 . Classes Destroyed 13 | 2 5 2 2 2 Builder 1 | . 1 . . . Tunneler 3 | 3 . . . . Hauler 1 | . 1 . . . Recycler 5 | 1 1 . 3 . Turret 3 | . . 2 . 1 Watcher 1 | . 1 . . . Swarmer 5 | . 2 3 . . Grunt 5 | . 3 . 2 . Duelist 2 | . . . 2 . Sentry 1 | . . . 1 . Subdweller 6 | . . 6 . . Guru 1 | . . . . 1 Scrapper 1 | . . . . 1 Best Kill Streak 6 | 3 2 3 6 2 Combat Bots Only 5 | . 2 3 5 1 Max Kills in Single Turn 1 | 1 1 1 1 1 Gunslinging . | . . . . . Exploded 1 | . . . 1 . Melee . | . . . . . Uniques/NPCs Destroyed . | . . . . . Combat | -11 -10 -10 -7 -7 -------- Run | Yrd Mat Sub Rec Scr Hostile Shots Fired 211 | . 21 77 77 36 Missed 67 | . 6 28 23 10 Hits 144 | . 15 49 54 26 Melee 1 | . . . 1 . Projectile 143 | . 15 49 53 26 AOE 1 | . . 1 . . Critical Strikes 3 | . . . 2 1 Damage Taken 1062 | . 106 370 295 291 Core 262 | . 38 44 57 123 Absorbed by Shields . | . . . . . Ignored by Resistances 678 | . 68 233 203 174 Core Remaining (%) 100 | 100 . . . . Volleys Fired 128 | 7 43 57 14 7 Largest 2 | 2 2 2 2 2 Hottest 100 | 40 100 100 40 100 Shots Fired 199 | 14 70 78 24 13 Gun 157 | 14 54 55 21 13 Cannon . | . . . . . Launcher 13 | . . 10 3 . Special 29 | . 16 13 . . Kinetic 153 | 14 54 55 21 9 Thermal 33 | . 16 13 . 4 Explosive 13 | . . 10 3 . Electromagnetic . | . . . . . Robot Hit Streak 56 | 7 30 21 35 56 Robot Miss Streak 2 | 2 1 1 . . Penetration Max . | . . . . . Secondary Targets 1 | . . . 1 . Max Gunslinging Chain 1 | . . . 1 . Shots Hit Robots 138 | 10 44 49 22 13 Core Hits 74 | 5 15 28 17 9 Critical Kills . | . . . . . Critical Parts Destroyed . | . . . . . Critical Strikes . | . . . . . Melee Attacks 3 | . . . . 3 Impact . | . . . . . Slashing 3 | . . . . 3 Piercing . | . . . . . Sneak Attacks . | . . . . . Combat Hostiles . | . . . . . Follow-up Attacks . | . . . . . Damage Inflicted 2209 | 117 592 795 490 215 Guns 1778 | 117 568 643 235 215 Cannons . | . . . . . Explosions 402 | . . 152 250 . Melee . | . . . . . Ramming 5 | . . . 5 . Kinetic 1677 | 117 568 643 235 114 Thermal 125 | . 24 . . 101 Explosive 402 | . . 152 250 . Electromagnetic . | . . . . . Impact . | . . . . . Slashing . | . . . . . Piercing . | . . . . . Highest Corruption 1 | . 1 1 1 . Average Corruption 1 | . 1 1 1 . Corruption Purged . | . . . . . Corruption Blocked . | . . . . . Effects 23 | . 3 17 3 . Message Errors 8 | . 1 7 . . Matter Fused 3 | . . 3 . . Heat Flow Errors 2 | . . 1 1 . Energy Discharges 1 | . . 1 . . Data Loss (minor) 3 | . 2 1 . . Data Loss (major) 3 | . . 2 1 . Misfires 2 | . . 2 . . Weapon Failures 1 | . . . 1 . Overload Shots . | . . . . . Overflow Damage . | . . . . . Projectiles . | . . . . . Explosions . | . . . . . Melee . | . . . . . Knockbacks . | . . . . . Impact . | . . . . . Kinetic . | . . . . . Secondary . | . . . . . Self-Inflicted Damage 33 | . . . 33 . Shots 3 | . . . 3 . Rammed 1 | . . . 1 . Targets Rammed 1 | . . . 1 . Kicked . | . . . . . Crushed . | . . . . . Highest Temperature 259 | . 150 259 93 129 Average Temperature 60 | . 66 140 22 49 Received Heat Transfer 366 | . 75 90 141 60 Siege Activations . | . . . . . Martial Activations . | . . . . . Shielding Activations . | . . . . . Robots Disrupted . | . . . . . Combat Hostiles . | . . . . . Robots Corrupted . | . . . . . Combat Hostiles . | . . . . . Parts Fried . | . . . . . Impact Corruptions . | . . . . . Robots Melted . | . . . . . Combat Hostiles . | . . . . . Parts Melted 1 | . . . . 1 Heat Transferred 235 | . 50 . . 185 Parts Sabotaged . | . . . . . Parts Stolen . | . . . . . Parts Stripped . | . . . . . Power Chain Reactions . | . . . . . Alert | -11 -10 -10 -7 -7 ------- Run | Yrd Mat Sub Rec Scr Maximum Alert Level . | . . . . . Low Security (%) 100 | 100 100 . 100 . Level 1 . | . . . . . Level 2 . | . . . . . Level 3 . | . . . . . Level 4 . | . . . . . Level 5 . | . . . . . High Security . | . . . . . Max Security . | . . . . . Peak Influence 103 | 10 51 . 103 . Initial . | . . . . . Average 10 | 1 7 . 15 . Influence Increases 597 | 20 160 265 152 . Destroy 0b10 Robot/C 300 | . 100 100 100 . Destroy 0b10 Robot/NC 55 | 20 20 . 15 . Destroy Leader 24 | . 24 . . . Successful Hack 37 | . 14 . 23 . Disable Machine 4 | . . . 4 . Destroy Structure 12 | . 2 . 10 . Lose Combat Pursuer 165 | . . 165 . . Influence Decreases 597 | 20 160 265 152 . Time Decay 577 | 20 160 255 142 . Lost Part 20 | . . 10 10 . Squads Dispatched 1 | . 1 . . . Investigation 1 | . 1 . . . Extermination . | . . . . . Reinforcement . | . . . . . Assault . | . . . . . Garrison . | . . . . . Intercept . | . . . . . Searches Triggered . | . . . . . Construction Impeded . | . . . . . Haulers Reinforced . | . . . . . Active Scanning Responses . | . . . . . Cargo Convoy Interrupts . | . . . . . Stealth | -11 -10 -10 -7 -7 --------- Run | Yrd Mat Sub Rec Scr Distress Signals 1 | . 1 . . . Communications Jammed . | . . . . . Distress Signals . | . . . . . Times Spotted 28 | . 6 13 5 4 Peak Tracking Total 5 | . 2 4 5 5 Tactical Retreats 2 | . . 2 . . Traps | -11 -10 -10 -7 -7 ------- Run | Yrd Mat Sub Rec Scr Traps Triggered 3 | . 3 . . . Indirectly . | . . . . . Trap Hack Attempts . | . . . . . Triggered . | . . . . . Disarmed . | . . . . . Reprogrammed . | . . . . . Reused . | . . . . . Traps Extracted . | . . . . . Installed . | . . . . . Triggered . | . . . . . Machines | -11 -10 -10 -7 -7 ---------- Run | Yrd Mat Sub Rec Scr Machines Disabled 8 | . . 4 1 3 Max in Single Turn 2 | . . 2 1 1 Machines Repaired . | . . . . . Machines Dismantled . | . . . . . Machines Sabotaged . | . . . . . Overloaded Fab Kills . | . . . . . Hacking | -11 -10 -10 -7 -7 --------- Run | Yrd Mat Sub Rec Scr Machines Accessed 10 | . 3 1 4 2 Terminals 7 | . 3 . 4 . Fabricators . | . . . . . Repair Stations . | . . . . . Recycling Units . | . . . . . Scanalyzers . | . . . . . Garrison Access . | . . . . . Total Hacks 36 | . 11 9 11 5 Successful 28 | . 7 9 7 5 Failed 8 | . 4 . 4 . Catastrophic 1 | . . . 1 . Database Lockouts . | . . . . . Manual 11 | . 6 . 5 . Terminals 22 | . 11 . 11 . Fabricators . | . . . . . Repair Stations . | . . . . . Recycling Units . | . . . . . Scanalyzers . | . . . . . Garrison Access . | . . . . . Terminal Hacks 24 | . 5 9 5 5 Record 16 | . . 8 3 5 Robot Analysis 1 | . 1 . . . Terminal Index 1 | . 1 . . . Hauler Manifests 2 | . 1 . 1 . Zone Layout 3 | . 2 . 1 . Proto ID Catalog 1 | . . 1 . . Fabricator Hacks . | . . . . . Repair Station Hacks . | . . . . . Recycling Unit Hacks . | . . . . . Scanalyzer . | . . . . . Garrison Access Hacks . | . . . . . Unauthorized Hacks 4 | . 2 . 2 . Terminals 4 | . 2 . 2 . Botnet 4 | . 2 . 2 . Fabricators . | . . . . . Repair Stations . | . . . . . Recycling Units . | . . . . . Scanalyzers . | . . . . . Garrison Access . | . . . . . Data Cores Recovered . | . . . . . Used . | . . . . . Hacking Detections 7 | . 3 . 4 . Full Trace Events 5 | . 2 . 3 . Feedback Events . | . . . . . Feedback Blocked . | . . . . . Robot Schematics Acquired . | . . . . . Robots Built . | . . . . . Authchips . | . . . . . Time . | . . . . . Total Robot Build Rating . | . . . . . Part Schematics Acquired . | . . . . . Parts Built . | . . . . . Authchips . | . . . . . Time . | . . . . . Total Part Build Rating . | . . . . . Parts Repaired . | . . . . . Time . | . . . . . Parts Recycled . | . . . . . Recycled Matter . | . . . . . Retrieved Matter . | . . . . . Retrieved Components . | . . . . . Parts Scanalyzed . | . . . . . Part Schematics Acquired . | . . . . . Parts Damaged . | . . . . . Bothacking | -11 -10 -10 -7 -7 ------------ Run | Yrd Mat Sub Rec Scr Used RIF Installer . | . . . . . Robots Hacked . | . . . . . Non-combat . | . . . . . Combat . | . . . . . Robot Hacks Applied . | . . . . . Relay Couplers Released . | . . . . . Fabnet Peak Effective % . | . . . . . Robots Rewired . | . . . . . Allies Hacked . | . . . . . Hacks Repelled . | . . . . . Allies | -11 -10 -10 -7 -7 -------- Run | Yrd Mat Sub Rec Scr Total Allies . | . . . . . Largest Group . | . . . . . Highest-Rated Group . | . . . . . Highest-Rated Ally . | . . . . . Total Orders . | . . . . . Ally Attacks . | . . . . . Total Damage . | . . . . . Kills . | . . . . . Allies Corrupted . | . . . . . Allies Melted . | . . . . . Intel | -11 -10 -10 -7 -7 ------- Run | Yrd Mat Sub Rec Scr Active Infowar (turns) 4713 | . 481 1785 341 2106 Sensors 236 | . . . 236 . Terrain 4185 | . . 1738 341 2106 Seismic 2266 | . 481 1785 . . Robot Analysis Total 1 | . 1 . . . Derelict Logs Recovered 5 | . . 1 . 4 Drone Launches . | . . . . . Drone Recoveries . | . . . . . Exploration | -11 -10 -10 -7 -7 ------------- Run | Yrd Mat Sub Rec Scr Turns Passed 5336 | 146 605 1785 547 2253 Spaces Moved 2983 | 73 274 921 268 1447 Core 14 | 6 . . 8 . Treads 1667 | 67 274 921 85 320 Legs . | . . . . . Wheels 1302 | . . . 175 1127 Hover . | . . . . . Flight . | . . . . . Fastest Speed 50 | 50 160 160 115 115 Average Speed 148 | 150 160 170 178 126 Slowest Speed 750 | 160 160 240 750 320 Overloaded Moves . | . . . . . Propulsion Burnouts . | . . . . . Robots Hopped . | . . . . . Potential Cave-ins . | . . . . . Cave-ins Triggered . | . . . . . Exploration Rate (%) 52 | 6 53 57 61 87 Regions Visited 4 Branch Regions 3 Pre-discovered Areas 3 | . . 1 . 2 Known Exits Taken 4 | 1 1 1 1 . Unknown Exits Taken . | . . . . . Scrap Searched 12 | . . 3 . 9 Spaces Dug 8 | . . 8 . . Terrain Destroyed 48 | . 1 38 9 . Melee . | . . . . . Projectile 1 | . 1 . . . AOE 47 | . . 38 9 . Terrain Rammed . | . . . . . Walls Destroyed . | . . . . . Machines Disabled . | . . . . . Actions | -11 -10 -10 -7 -7 --------- Run | Yrd Mat Sub Rec Scr Total 3636 | 95 339 1032 311 1859 Wait 411 | . 8 30 4 369 Move 2979 | 72 273 920 267 1447 Hop . | . . . . . Pick Up 48 | 12 8 9 8 11 Fast Attach 2 | . 1 . . 1 Attach 17 | 4 3 1 6 3 Detach 2 | . . . 1 1 Swap 20 | . 1 8 5 6 Drop 25 | . 2 7 5 11 Fire 128 | 7 43 57 14 7 Melee 3 | . . . . 3 Ram 1 | . . . 1 . Kick . | . . . . . Crush . | . . . . . Escape Stasis . | . . . . . Rewire . | . . . . . Trap . | . . . . . Miscellaneous . | . . . . . Route ------- -11/Scrapyard -10/Materials (discovered 4 exits: *Mat x2 / *Min / *Sub) -10/Subcaves (discovered 3 exits: *Mat x2 / *Rec) -7/Recycling (discovered 2 exits: *Fac / *Scr) -7/Scraptown (discovered 1 exit: *Fac) History --------- Turn | Location | Event 8 | -11/Scrapyard | Identified exit to Materials 8 | -11/Scrapyard | Discovered exit to Materials (range 16) 147 | -11/Scrapyard | Entered Materials 147 | -10/Materials | Evolved 1 slot: Utility x1 290 | -10/Materials | Identified exit to Materials 290 | -10/Materials | Discovered exit to Materials (range 15) 311 | -10/Materials | Build established: Hacker-Mutant 344 | -10/Materials | Identified exit to Mines 344 | -10/Materials | Discovered exit to Mines (range 14) 650 | -10/Materials | Discovered exit to Materials (range 20) 747 | -10/Materials | Identified exit to Subcaves 747 | -10/Materials | Discovered exit to Subcaves (range 3) 752 | -10/Materials | Entered Subcaves 765 | -10/Subcaves | Learned location of Zion (-7) 765 | -10/Subcaves | Met a Zionite searching for "candidates" 855 | -10/Subcaves | Learned Materials terminal intel 1065 | -10/Subcaves | Identified exit to Materials 1065 | -10/Subcaves | Discovered exit to Materials (range 15) 1397 | -10/Subcaves | Discovered exit to Materials (range 14) 1399 | -10/Subcaves | Shifting Twisted Machinery released Battle Cannon 1478 | -10/Subcaves | Visited 4L-MR0's lab 1505 | -10/Subcaves | Found Powered Cannon 1577 | -10/Subcaves | Shifting Twisted Machinery released Battle Rifle 2265 | -10/Subcaves | Identified exit to Recycling 2265 | -10/Subcaves | Discovered exit to Recycling (range 14) 2537 | -10/Subcaves | Entered Recycling 2774 | -7/Recycling | Core integrity fell below 50% 2996 | -7/Recycling | Identified exit to Factory 2996 | -7/Recycling | Discovered exit to Factory (range 15) 3056 | -7/Recycling | Scanned before Scraplab entrance 3072 | -7/Recycling | Entered Scraplab 3082 | -7/Recycling | Identified exit to Scraptown 3082 | -7/Recycling | Discovered exit to Scraptown (range 3) 3084 | -7/Recycling | Entered Scraptown 3084 | -7/Scraptown | System corruption cleaned by C-Scrubber 3224 | -7/Scraptown | Heard Great Nut preacher, LISTEN AND RECITE! 3236 | -7/Scraptown | Visited UFD Registry 3236 | -7/Scraptown | Registered with UFD as "Lasertank" 3294 | -7/Scraptown | Scanned Subdweller tech in exchange for log data 3296 | -7/Scraptown | Learned location of 1 exit from Factory 3297 | -7/Scraptown | Learned location of Quarantine (-2) 3315 | -7/Scraptown | Discovered exit to Factory (range 13) 3418 | -7/Scraptown | Guru changed UFD alias to "Rustcycle" 3721 | -7/Scraptown | Visited Curators Association 3742 | -7/Scraptown | Visited Abandonware Association 3797 | -7/Scraptown | Visited Derelict Rescue Squad 3835 | -7/Scraptown | Visited Observation Area 3878 | -7/Scraptown | Visited Scrapoid Pod Storage 4044 | -7/Scraptown | Visited Chapter 10 4279 | -7/Scraptown | Delivered Scrap Shield to a Scientist 4364 | -7/Scraptown | Visited Research Penetration Think Tank 4389 | -7/Scraptown | Visited Infowarlord's Domain 4405 | -7/Scraptown | Visited Botcube Research 4648 | -7/Scraptown | Visited Bundlers 4658 | -7/Scraptown | Visited Shadow of the Wyrm 4918 | -7/Scraptown | Learned location of Extension (-6) 4953 | -7/Scraptown | Visited Cave Peace 5001 | -7/Scraptown | Visited SPCMW 5030 | -7/Scraptown | Visited Symbiants 5176 | -7/Scraptown | Attacked by Scraptown defenders 5274 | -7/Scraptown | Found Prototype Reactor 5275 | -7/Scraptown | Identified MA-1KR's Cyclogen 5327 | -7/Scraptown | Attached Powered Cannon, gained temporary slot: Power 5328 | -7/Scraptown | Core integrity fell below 20% 5337 | -7/Scraptown | Destroyed by Triborg with Siege Cannon Last Messages --------------- Lrg. Battery melted. QP-VDD(p) destroyed. O3-B9A(j) destroyed. Acquired 67 matter. Acquired Ovr. Pulse Rifle. Enclosure breached. Acquired Prototype Reactor. ANNOUNCEMENT: Triborg tracking relay activated. Stay clear or you only have yourself to blame! Identified MA-1KR's Cyclogen. Enclosure breached. Dropped Proton Cannon. Acquired Disruptor Cannon. Dropped Great Axe. Dropped Imp. Terrain Scanner. Siege Slug penetrates Wall. Core temporarily expanded with Power slot. Penetrated by Siege Slug. Med. Treads blasted off. Siege Slug penetrates Wall. Map ----- +----------------------------------------------------+ | """ "####?#?#??#????????????????????????#?#?# | | #" "" "#?#####?????#???????????????????##?????? | | #" " "#??#####?#????????????????????????#???## | | #" "###?#?#??????????????????????#??#?#???#? | | #"" """"""##?######??????????????????????##???###? | | #####??###?????????????#??###?#?##???##? | | ########??#????????????????##?##???#?### | | #####?##???????????#??##??#??#??######## | | " """"##########??????????????#??#""??????##""?##" | | %"#####?#??###?#?????#??####?#"? ?#""!##"" ##! | | ""###?#??#####???#?##?##?###???" | | """#####?#?####?????#??#?#?####? | | """#######?##??#?###?#######?###?############## | | """"""###########?#???#?#?#?###?####?##?###?###### | | ##########??##?#?????####?######################## | | ###?###########?###? #"###"#?##################""" | | ###############??##### "=" ####################" & | | #######??#?##?##?##" """ "######"""""""""##" | | #####?## "??"??###?#"" ""##?#### " " " ##"" | | ######## ? ?#?##?# " "!####### ##" | | #######? ??""#?#####"] % ""####### "# #" ##"" | | ###?###?? ?##?###" "###### "#X#" ##" | | ###?####?""""#?#??##"" !/% ""####### "###" ##"" | | ########? | ####?## " = "!####### """"" ## | | #?###### """"#######" %="####### ## | | ##?##?## ||| ##?###" %@ %="###### ## | | #??##### ###########;;#%########### ########## | | ########## #############;;#!########### ########## | | #########" "!""""""""""" """""""""" | | #########" | | #########" | | #########" | | #########" | | ##### #########" | | ##### #####"""" """"""""""""""""""""" | | ##### #####"""" """"""""""""""""""""" | | ##### #####"""" ""###### ########### | | ##### #####"""" ""# #?#### | | ##### #####"""" ""# X?##### | | ?## ###"#"""" ""# "" "" ###### | | " ## ""#"#"""" j ""# "" "" X"##### | | "" ## """"#"""" ""# " " ###### | | " ## ""#######" "" "" ?? | | " ## #########" "" "" ? | | " ## #########" ""# " ? " ###### | | " ## ""# "" ?? ?"#?### | | "" ## ""# "" "" ???#?### | | " ## ""# ?? ? ???#?## | | ### ""# ? ??###### | | #### ""###### ########### | +----------------------------------------------------+ Best States ------------- Heat Dissipation 25 Energy Generation 18 Energy Capacity 2600 Matter Stores 300 Matter Capacity 300 Sight Range 16 Robot Scan Range 14 Terrain Scan Range 16 Terrain Scan Density 210 Armor Coverage 800 Resistance: KI 35 Resistance: TH 35 Resistance: EX 35 Resistance: EM 35 Resistance: I 35 Resistance: S 35 Resistance: P 35 Evasion (%) 50 Recoil Reduction 2 Offensive Hacking 20 Item Schematics ----------------- None Robot Schematics ------------------ None Fabricated ------------ Nothing Repaired ---------- Nothing Alien Tech Used ----------------- None Achievements -------------- Omniscient Cartographer Challenges ------------ None Game ------ Seed AutogunGuidedBoomstick Manual? 0 Play Time 00:30:19 Cumulative 31.1 hours Start 2025.07.27 @ 17:50:11 End 2025.07.27 @ 18:19:09 Sessions 1 Manual Loads 0 Difficulty Explorer Special Mode None Game No. 22 Rogue 21 Adventurer 0 Explorer 1 Win Type - Total 1 Types 1/0/0/0/0/0/0/0/0/0 Lore% 48 Gallery% 30 Achievement% 31 Wizard Run 0 Options --------- Layout 1 ASCII 0 Keyboard 0 Movement Mouse Keybinds 0 Fullscreen 1 Font 24/Smallcaps Map View 50x35 Zoom Use 0% Tactical HUD 0 Map Filters NONE Filters NONE Steam 1 RUN: d55511ed-5001-411b-b1b6-510c5145d234